 Dungeon Crawl Stone Soup version 0.31.0-11-ge490571c62 (webtiles) character file.

Game seed: 14905627531617172937

3 qw the Shooter (level 1, -2/12 HPs)
             Began as a Deep Elf Hunter on Feb 4, 2024.
             Slain by a gnoll
             ... wielding a +0 club
              (7 damage)
             ... on level 1 of the Dungeon.
             The game lasted 00:00:00 (96 turns).

qw the Shooter (Deep Elf Hunter)                      Turns: 96, Time: 00:00:00

Health: -2/12      AC:  3    Str:  8    XL:     1   Next: 41%
Magic:  3/3        EV: 12    Int: 13    God:
Gold:   7          SH:  0    Dex: 18    Spells: 0/0 levels left

rFire   . . .        a - +0 shortbow
rCold   . . .        (shield currently unavailable)
rNeg    . . .        c - +0 leather armour
rPois   .            (no helmet)
rElec   .            (no cloak)
rCorr   .            (no gloves)
SInv    .            (no boots)
Will    .....        (no amulet)
Stlth   ++           (no ring)
HPRegen 0.22/turn    (no ring)
MPRegen 0.08/turn

%: no passive effects
@: no status effects
A: no striking features
a: no special abilities


You were on level 1 of the Dungeon.
You visited 1 branch of the dungeon, and saw 1 of its levels.

You collected 7 gold pieces.


   Skills:
 - Level 1.5 Fighting
 + Level 5.5 Ranged Weapons
 - Level 2.4 Dodging
 - Level 1.2 Stealth


You couldn't memorise any spells.
You didn't know any spells.
Your spell library was empty.

Inventory:

Hand Weapons
 a - a +0 shortbow (weapon)
Armour
 c - a +0 leather armour (worn)
Jewellery
 e - a ring of magical power
Scrolls
 b - a scroll of butterflies
 d - a scroll of noise {unknown}

Dungeon Overview and Level Annotations

Branches:
Dungeon (1/15)

Altars:


Message History

You shoot an arrow. The arrow hits the rat.
You kill the rat!
A bat comes into view.
Found a scroll labelled ORUMOCAS FYMO.
The bat moves out of view.
A bat is nearby!
You shoot an arrow. The arrow closely misses the bat.
The bat hits you but does no damage.
You shoot an arrow. The arrow barely misses the bat.
The bat hits you but does no damage.
You shoot an arrow. The arrow hits the bat!
You kill the bat!
d - a scroll labelled ORUMOCAS FYMO
e - a ring of magical power A kobold comes into view.
It is wielding a +0 dagger.
The kobold shouts!
You hear a shout!
You shoot an arrow. The arrow hits the kobold!
You kill the kobold!
A gnoll comes into view. It is wielding a +0 club.
You shoot an arrow. The arrow hits the gnoll.
The gnoll is lightly wounded.
You shoot an arrow.
The arrow hits the gnoll but does no damage.
The gnoll is lightly wounded.
You shoot an arrow. The arrow hits the gnoll.
The gnoll is lightly wounded.
You shoot an arrow. The arrow hits the gnoll.
The gnoll is moderately wounded.
The gnoll hits you with a +0 club.
You shoot an arrow. The arrow barely misses the gnoll.
The gnoll misses you.
You shoot an arrow. The arrow barely misses the gnoll.
The gnoll closely misses you.
You shoot an arrow. The arrow completely misses the gnoll.
The gnoll barely misses you.
You shoot an arrow. The arrow closely misses the gnoll.
The gnoll hits you with a +0 club.
Ouch! That really hurt!
The gnoll hits you with a +0 club!
Ouch! That really hurt!
You die...

.........#...####.....#
....[#.#.##.#####.....#
......................#
..........#.#..##.....#
.%.##.....#....##.....#
...........#%#.########
.#.####.#.#....# ...
#.#......###.####
.........#@g..).#
#.#####.#.#.##.# #.
#.#.# # #...# #.### #.#
..# ####


You could see a gnoll.

Vanquished Creatures
  A kobold (D:1)
  A bat (D:1)
  A frilled lizard (D:1)
  A rat (D:1)
4 creatures vanquished.

Notes
Turn   | Place    | Note
-------+----------+-------------------------------------------
     0 | D:1      | qw the Deep Elf Hunter began the quest for the Orb.
     0 | D:1      | Reached XP level 1. HP: 12/12 MP: 3/3
     0 | D:1      | 0 ||| qw: Version: 0.3-a-160-g6735b56
     0 | D:1      | 0 ||| qw: Game counter: 4507
     0 | D:1      | 0 ||| qw: Melee chars always use a shield: true
     0 | D:1      | 0 ||| qw: God list: Okawaru
     0 | D:1      | 0 ||| qw: Allow faded altars: false
     0 | D:1      | 0 ||| qw: Do Orc after clearing Dungeon:15 true
     0 | D:1      | 0 ||| qw: Do second Lair branch before Depths: true
     0 | D:1      | 0 ||| qw: Lair rune preference: random
     0 | D:1      | 0 ||| qw: Goals: Normal
     0 | D:1      | 0 ||| PLANNING D:1-11
    96 | D:1      | Slain by a gnoll

Levels and vault maps discovered:
D:1:      zelgadis_glass_arrival_small, layout_loops_cross, serial_bayou_pond_e

Action                     || total
---------------------------++-------
   Fire: Shortbow          ||    14
 Armour: Leather armour    ||     5
  Dodge: Dodged            ||     3

Table legend:
 A = Non-vault XP
 B = Vault XP
 C = Vault XP percentage of total XP
 D = Non-vault monster count
 E = Vault monster count
 F = Vault count percentage of total count
                 A         B        C        D         E       F
            +---------+---------+-------+---------+---------+-------
      Total |       5 |       0 |   0.0 |       4 |       0 |   0.0
            +---------+---------+-------+---------+---------+-------
        D:1 |       5 |       0 |   0.0 |       4 |       0 |   0.0
            +---------+---------+-------+---------+---------+-------
